 Dungeon Crawl Stone Soup version bcrawl-1.27.1d (webtiles) character file.

Game seed: 17649859932623146637

83537 Freyura the Poker (level 3, -7/28 HPs)
             Began as a Demonspawn Gladiator on July 19, 2020.
             Mangled by an orc warrior
             ... wielding a +0 glaive
              (14 damage)
             ... on level 3 of the Dungeon.
             The game lasted 00:03:48 (1603 turns).

Freyura the Poker (Demonspawn Gladiator)            Turns: 1603, Time: 00:03:48

Health: -7/28      AC:  4    Str: 14    XL:     3   Next: 1%
Magic:  0/3        EV: 13    Int:  9    God:
Gold:   152        SH:  0    Dex: 15    Spells: 2/2 levels left

rFire    . . .     SeeInvis .   a - +0 trident
rCold    . . .     Gourm    .   (no shield)
rNeg     . . .     Faith    .   b - +1 leather armour
rPois    .         Spirit   +   (helmet restricted)
rElec    .         Reflect  .   (no cloak)
rCorr    .         Harm     .   (no gloves)
MR       .....                  (no boots)
Stlth    ++........             (no amulet)
HPRegen  0.09/turn              (no ring)
MPRegen  0.08/turn              (no ring)

@: no status effects
A: horns 1, wild magic 2, magic shield
a: no special abilities


You were on level 3 of the Dungeon.
You were not hungry.

You visited 1 branch of the dungeon, and saw 3 of its levels.

You collected 152 gold pieces.

Inventory:

Hand Weapons
 a - a +0 trident (weapon)
Missiles
 d - 3 throwing nets {=f}
Armour
 b - a +1 leather armour (worn)
 j - a +0 chain mail
Scrolls
 c - a scroll of fear {unknown}
 f - 3 scrolls of remove curse
 m - a scroll of identify
 o - a scroll of teleportation
Potions
 g - 2 potions of curing {unknown}
 h - a potion of brilliance {unknown}
 i - a potion of magic {unknown}
 p - a potion of berserk rage {unknown}
Comestibles
 e - a ration {!d}
 k - 2 chunks of flesh


   Skills:
 + Level 2.3 Fighting
 + Level 3.0 Polearms
 - Level 1.7 Throwing
 + Level 0.8 Armour
 + Level 2.9 Dodging
 + Level 1.0 Stealth


You had 2 spell levels left.
You didn't know any spells.
Your spell library was empty.

Dungeon Overview and Level Annotations

Branches:
Dungeon (3/12)

Altars:
Zin


Innate Abilities, Weirdness & Mutations

You have a pair of small horns on your head.
When hurt, damage is shared between your health and your magic reserves.
Your spells are harder to cast, but more powerful.


Message History

You have encountered a dangerous foe!
The orc warrior shouts!
You hear a shout! x2
A frilled lizard comes into view.
The orc warrior hits you from afar with a +0 glaive!
You are too injured to fight recklessly!
You are too injured to fight recklessly!
You are too injured to fight recklessly!
You are too injured to fight recklessly!
You are too injured to fight recklessly!
You are too injured to fight recklessly!
You are too injured to fight recklessly!
A rat comes into view.
A goblin comes into view. It is wielding a +0 spear.
The frilled lizard hisses angrily.
The orc warrior hits you from afar with a +0 glaive!
* * * LOW HITPOINT WARNING * * *
The goblin shouts!
The orc warrior hits you with a +0 glaive!
Ouch! That really hurt!
You die...

.... ... #.
..%
#.##.########
..#.........
#.#....(....
#.#.........
#...@o.l....
##........$.
#..##.....#
#..# ..r..#
#..# ≈.≈≈#
#..# ≈.≈g#
#.># .≈≈#
##.# 8..# #.#


You could see an orc warrior, a goblin, a frilled lizard and a rat.

Vanquished Creatures
  A dart slug (D:2)
  4 leopard geckos
  A giant cockroach (D:1)
  4 hobgoblins
  2 bats
  4 frilled lizards
  3 goblins
  4 kobolds
  A rat (D:1)
24 creatures vanquished.

Notes
Turn   | Place    | Note
-------+----------+-------------------------------------------
     0 | D:1      | Freyura the Demonspawn Gladiator began the quest for the
                  | Orb.
     0 | D:1      | Reached XP level 1. HP: 16/16 MP: 1/1
   264 | D:1      | Gained mutation: You have a pair of small horns on your
                  | head. [demonic ancestry]
   264 | D:1      | Reached XP level 2. HP: 20/22 MP: 2/2
   911 | D:2      | Found a glowing silver altar of Zin.
  1304 | D:2      | Reached skill level 1 in Stealth
  1304 | D:2      | Gained mutation: When hurt, damage is shared between your
                  | health and your magic reserves. [demonic ancestry]
  1304 | D:2      | Reached XP level 3. HP: 23/28 MP: 3/3
  1513 | D:2      | Reached skill level 3 in Polearms
  1549 | D:3      | Gained mutation: Your spells are a little harder to cast,
                  | but a little more powerful. [potion of mutation]
  1549 | D:3      | Gained mutation: Your spells are harder to cast, but more
                  | powerful. [potion of mutation]
  1598 | D:3      | Noticed an orc warrior
  1603 | D:3      | Mangled by an orc warrior

Skill      XL: |  1  2  3 |
---------------+----------+-----
Stealth        | 1 |  1.0
Polearms       | 3 |  3.0
Fighting       | |  2.3
Throwing       | |  1.7
Armour         | |  0.8
Dodging        | |  2.9

Action                   || total
-------------------------++-------
Melee: Trident           ||    71
       Headbutt          ||     3
  Use: Scroll            ||     7
       Potion            ||     1
 Stab: Sleeping          ||     2
  Eat: Chunk             ||     4
Armor: Leather armour    ||    11
Dodge: Dodged            ||    37
